 Dungeon Crawl Stone Soup version 0.31-a0-588-g14bffd4ff3 (webtiles) character file.

Game seed: 2669826298750904618

65240 Jannitor the Nimble (level 14, -8/67 HPs)
             Began as a Felid Monk on Aug 8, 2023.
             Was the Champion of Kikubaaqudgha.
             Killed from afar by a will-o-the-wisp (13 damage)
             ... with a foxfire
             ... on level 2 of the Swamp on Aug 19, 2023.
             The game lasted 03:12:58 (48317 turns).

Jannitor the Nimble (Felid Monk)                   Turns: 48317, Time: 03:12:58

Health: -8/67      AC:  7    Str:  7    XL:     14   Next: 74%
Magic:  38/38      EV: 29    Int: 19    God:    Kikubaaqudgha [******]
Gold:   1009       SH:  0    Dex: 19    Spells: 3/33 levels left
                                        Lives:  0   Deaths: 4

rFire   + .          .
                       - Unarmed
rCold   + + .        (shield unavailable)
rNeg    . . .        (body armour unavailable)
rPois   +            (helmet unavailable)
rElec   +            (cloak unavailable)
rCorr   +            (gloves unavailable)
SInv    +            (boots unavailable)
Will    ++...        w - amulet of the Supporting Jester {Faith Rampage rCorr SInv}
Stlth   ++           c - ring of magical power
HPRegen 0.31/turn    I - +4 ring of protection
MPRegen 0.26/turn

%: rampage, faith
@: flux-form, resistant, forested, glowing, quick
A: glow, contaminating, very small, claws 1, fangs 3, see invisible, speed 1,
shaggy fur 3, stealthy paws, no weapons or thrown items, no armour, multi-lived
a: Begin Untransformation, Renounce Religion, Unearth Wretches, Torment


You were on level 2 of the Swamp.
You worshipped Kikubaaqudgha.
Kikubaaqudgha was exalted by your worship.
You were something dangerously unstable.
You visited 5 branches of the dungeon, and saw 25 of its levels.
You also visited: Ice Cave.

You collected 2147 gold pieces.
You spent 1138 gold pieces at shops.

Inventory:

Jewellery
 b - an amulet of reflection
 c - a ring of magical power (left paw)
 f - an amulet of guardian spirit
 k - a ring of flight
 w - the amulet of the Supporting Jester (around neck) {Faith Rampage rCorr SInv}
   (You acquired it on level 1 of the Lair of Beasts)

   [amulet of faith]

   Faith:     It allows you to gain divine favour quickly.
   SInv:      It lets you see invisible.
   rCorr:     It protects you from acid and corrosion.
   Rampage:   It bestows one free step when moving towards enemies.
 y - a ring of ice
 z - an amulet of the acrobat
 I - a +4 ring of protection (right paw)
 N - a ring of ice
Talismans
 m - a beast talisman
 C - a flux talisman (active)
 M - a maw talisman
Wands
 e - a wand of acid (10)
 p - a wand of flame (53)
 q - a wand of paralysis (12)
 t - a wand of polymorph (4)
 v - a wand of mindburst (35)
 D - a wand of digging (12)
 J - a wand of iceblast (13)
Scrolls
 a - 2 scrolls of amnesia
 d - 9 scrolls of teleportation
 h - 3 scrolls of immolation
 i - 5 scrolls of noise
 s - 5 scrolls of fog
 x - 2 scrolls of silence
 B - 5 scrolls of vulnerability
 E - 5 scrolls of identify
Potions
 g - a potion of enlightenment
 j - 2 potions of attraction
 l - a potion of curing
 n - a potion of magic
 o - 5 potions of might
 r - 6 potions of haste
 u - a potion of berserk rage
 A - 2 potions of lignification
 H - 4 potions of ambrosia
 K - 4 potions of brilliance
Miscellaneous
 F - a phial of floods


   Skills:
 - Level 11.4 Fighting
 - Level 14.3 Dodging
 - Level 11.0 Stealth
 - Level 11.3 Unarmed Combat
 + Level 10.1 Spellcasting
 - Level 7.6 Hexes
 + Level 13.2 Summonings
 - Level 10.3 Necromancy
 - Level 2.6 Translocations
 - Level 4.1 Air Magic
 - Level 5.8 Earth Magic
 * Level 7.3 Shapeshifting


You had 3 spell levels left.
You knew the following spells:

 Your Spells              Type           Power      Damage    Failure   Level
a - Summon Mana Viper     Hex/Summ       49%        N/A       2%          5
b - Call Canine Familiar  Summ           56%        N/A       1%          3
c - Necrotise             Necr           100%       1d9       1%          1
d - Summon Forest         Summ/Tloc      19%        N/A       8%          5
e - Vampiric Draining     Necr           48%        2d9       1%          3
f - Summon Lightning Spi  Summ/Air       42%        N/A       1%          4
g - Borgnjor's Vile Clut  Necr/Erth      20%        N/A       8%          5
h - Dispel Undead         Necr           48%        3d18      1%          4

Your spell library contained the following spells:

 Spells                   Type           Power      Damage    Failure   Level
 Kiss of Death            Conj/Necr      100%       2d13      1%          1
 Slow                     Hex            100%       N/A       1%          1
 Summon Small Mammal      Summ           100%       N/A       1%          1
 Cigotuvi's Dreadful Rot  Necr/Pois/Air  54%        N/A       1%          2
 Sublimation of Blood     Necr           48%        N/A       1%          2
 Confusing Touch          Hex            38%        N/A       1%          3
 Summon Guardian Golem    Hex/Summ       49%        N/A       1%          3
 Apportation              Tloc           38%        N/A       2%          1
 Ensorcelled Hibernation  Hex/Ice        48%        N/A       2%          2
 Shock                    Conj/Air       68%        1d7       3%          1
 Passwall                 Tmut/Erth      16%        N/A       3%          2
 Inner Flame              Hex/Fire       24%        N/A       4%          3
 Swiftness                Air            25%        N/A       4%          3
 Ozocubu's Armour         Ice            9%         N/A       22%         3
 Animate Dead             Necr           48%        N/A       1%          4
 Leda's Liquefaction      Hex/Erth       17%        N/A       4%          4
 Summon Cactus Giant      Summ           28%        N/A       4%          6
 Airstrike                Air            12%        2d(2-18)  13%         4
 Death Channel            Necr           24%        N/A       16%         6
 Lee's Rapid Deconstruct  Erth           15%        3d10*     19%         5
 Petrify                  Tmut/Erth      20%        N/A       22%         4
 Haunt                    Necr/Summ      26%        N/A       45%         7
 Flame Wave               Conj/Fire      9%         2d6       58%         4
 Sticky Flame             Conj/Fire      9%         2d3       58%         4
 Simulacrum               Ice/Necr       14%        N/A       80%         6
 Alistair's Intoxication  Tmut/Pois      6%         N/A       90%         5
 Irradiate                Conj/Tmut      4%         3d13      90%         5
 Ozocubu's Refrigeration  Ice            4%         4d8       100%        7
 Borgnjor's Revivificati  Necr           24%        N/A       100%        8
 Infestation              Necr           24%        N/A       100%        8
 Death's Door             Necr           24%        N/A       100%        9
 Polar Vortex             Ice            4%         N/A       100%        9
 Portal Projectile        Hex/Tloc       Unusable   N/A       N/A         3
 Animate Armour           Summ/Erth      Unusable   N/A       N/A         4

Dungeon Overview and Level Annotations

Branches:
Dungeon (15/15)            Temple (1/1) D:4            Lair (5/5) D:8
  Swamp (2/4) Lair:2        Snake (0/4) Lair:3        Slime (0/5) Lair:4
    Orc (2/2) D:12            Elf (0/3) Orc:2        Vaults (0/5) D:13
 Depths (0/4) D:15          IceCv (visited)

Altars:
Ashenzari
Cheibriados
Dithmenos
Elyvilon
Fedhas
Gozag
Hepliaklqana
Kikubaaqudgha
Makhleb
Nemelex Xobeh
Okawaru
Qazlal
Ru
Sif Muna
Trog
Uskayaw
Vehumet
Wu Jian
Xom
Yredelemnul
Zin
The Shining One
Lugonu

Shops:
D:4 !   D:7 =   Orc:1 *(!   Orc:2 [:!*

Portals:
Abyss: D:5 Lair:5

Annotations:
D:2 1 runed translucent door, Crazy Yiuf
D:3 Sigmund
D:8 Gastronok
D:9 exclusions: necromancer and 2 simulacra
Lair:2 exclusion: oklob plant
Swamp:2 exclusion: swamp dragon


Innate Abilities, Weirdness & Mutations

You are something dangerously unstable.
You glow with magical radiation, making you easy to see and hit.
Foes you strike become dangerously contaminated with magical radiation.
You have sharp claws.
You have razor-sharp teeth.
You have supernaturally acute eyesight. (SInv)
You cover ground quickly. (Speed+)
Your thick and shaggy fur keeps you warm. (AC +3, rC+)
Your paws help you pounce on unaware monsters.
You are incapable of wielding weapons or throwing items.
You cannot wear armour.
You gain extra lives every three experience levels.


Message History

You enter the shallow water.
Moving in this stuff is going to be slow.
Branches wave dangerously above you.
The will-o-the-wisp is waved at by a branch.
The forest calms down.
The foxfire hits your dryad!!
Your dryad is burned terribly!
Your dryad calls out to the forest.
The forest starts to sway and rumble!
The will-o-the-wisp gestures.
The will-o-the-wisp conjures some foxfire!
The will-o-the-wisp gestures.
The will-o-the-wisp conjures some foxfire!
The foxfire hits your dryad!
Your dryad is burned terribly! 4 foxfires come into view.
Unknown command.
Unknown command.
The will-o-the-wisp is hit by a branch!
The foxfire is waved at by a branch.
A tree reaches out and hits the foxfire!
A root smacks the will-o-the-wisp from below!
A tree reaches out and hits the foxfire!
The foxfire is hit by a branch!
The foxfire hits your dryad!!
Your dryad is burned terribly!
Your dryad dies!
Your dryad's corpse disappears in a puff of smoke!
The forest abruptly stops moving.
The foxfire hits you! You resist.
* * * LOW HITPOINT WARNING * * *
The foxfire hits you! You resist.
* * * LOW HITPOINT WARNING * * *
The foxfire hits you. You resist.
* * * LOW HITPOINT WARNING * * *
The will-o-the-wisp gestures.
The will-o-the-wisp conjures some foxfire! 2 foxfires come into view.
Unknown command.
You feel better.
You feel less invigorated. The foxfire hits you! You resist.
* * * LOW HITPOINT WARNING * * *
The foxfire hits you! You resist.
You die...
Kikubaaqudgha rasps: "You have failed me!
Welcome... death!"

..~~♣ ♣~.... ♣~~ ≈...♣
♣♣♣♣~.§§~§.§§ ≈..~♣
♣♣♣♣♣♣ ♣.~§§§≈§♣ ≈.♣♣♣
♣~..~♣ ♣♣~§§§~≈~§ .♣♣
♣♣♣§..[♣♣♣♣~♣ §§§~~≈~ .♣
♣..~~~♣♣♣~~.♣ §§v§≈≈~ ~♣♣
♣.>~§~§♣♣..♣♣♣v§♣§≈~§
~.♣♣♣..~~~~~.....v§..§~§~
÷~♣♣~...~~~~~~(.B§§v§[..§
.~♣♣♣♣♣....S~~..♣~~~§~..~
~~~~.♣♣..~~§~h..~♣.§~.~..
..~~......§~.♣♣♣♣♣$~..~.§
~.~~.....~~~~.♣ ♣~♣♣~.~
♣.~..~.~♣.~~~.♣ ♣♣ ♣.
<...♣.~♣♣.~~..~♣
~.~♣♣♣......~...♣ ~♣♣♣
♣~..~♣♣♣..♣♣


You could see 3 will-o-the-wisps, a friendly mana viper (summoned) and a
friendly warg (summoned).

Vanquished Creatures
  An orc warlord (Orc:2)
  A bunyip (Swamp:1)
  Erolcha (Orc:1)
  4 hydras
  Erica (Orc:1)
  2 centaur warriors (D:13)
  3 catoblepae
  4 two-headed ogres
  A death yak (Lair:5)
  A boulder beetle (Lair:5)
  3 orc high priests
  3 thrashing horrors (Lair:5)
  4 skeletal warriors
  A goliath frog (Swamp:1)
  5 orc knights (Orc:2)
  A steelbarb worm (Swamp:1)
  A lindwurm (Lair:5)
  3 deep elf pyromancers
  6 orc sorcerers
  4 cyclopes
  2 ugly things
  8 elephants
  A manticore (D:10)
  A salamander (shapeshifter) (D:10)
  A torpor snail (Lair:4)
  An eye of devastation (shapeshifter) (Lair:5)
  A black mamba (Lair:2)
  An unseen horror (D:10)
  3 large abominations (Lair:5)
  3 gargoyles
  6 cane toads
  A cane toad (shapeshifter) (D:13)
  3 rime drakes
  4 kobold demonologists
  6 nameless horrors
  4 komodo dragons
  A queen bee (D:13)
  11 trolls
  3 polar bears
  3 meliai (D:13)
  5 tyrant leeches
  14 blink frogs
  A hornet (Swamp:1)
  A blink frog (shapeshifter) (D:13)
  A raiju (Lair:5)
  A slime creature (D:10)
  A spriggan (Lair:5)
  4 shadows
  4 wyverns
  4 vampires
  A ynoxinul (Lair:5)
  A centaur simulacrum (D:12)
  A wraith (D:9)
  32 yaks
  15 humans (D:13)
  2 steam dragons
  21 vampire mosquitoes
  4 basilisks
  9 small abominations (Lair:5)
  A chaos spawn (Lair:5)
  2 wargs
  2 acid dragons (D:10)
  Menkaure (D:5)
  A swamp worm (Swamp:1)
  12 water moccasins
  30 orc warriors
  2 black bears
  2 meliai simulacra (D:12)
  12 ogres
  4 centaurs
  9 wolves
  3 phantoms
  6 kobold brigands
  3 bullfrogs
  2 scorpions
  A cane toad simulacrum (IceCv)
  2 gnoll sergeants
  9 wights
  37 killer bees
  6 howler monkeys
  17 orc priests
  A gnoll bouda (D:5)
  2 hounds (D:5)
  2 jellies (D:7)
  Jessica (D:3)
  An iguana (D:4)
  A sleepcap (D:6)
  Natasha (twice) (D:2)
  13 orc wizards
  A wolf simulacrum (IceCv)
  6 ogre zombies (D:12)
  Robin (D:3)
  7 adders
  10 gnolls
  A howler monkey simulacrum (D:10)
  An ufetubus (D:5)
  3 worms
  2 dart slugs
  42 orcs
  4 bats
  5 endoplasms
  4 giant cockroaches
  3 hobgoblins
  4 jackals (D:1)
  A quokka (D:2)
  7 ball pythons
  2 frilled lizards
  18 goblins
  A goblin skeleton (D:12)
  6 goblin zombies (D:12)
  A hobgoblin skeleton (D:12)
  A hobgoblin zombie (D:12)
  20 kobolds
  3 orc skeletons (D:12)
  10 orc zombies (D:12)
  4 rats
591 creatures vanquished.

Vanquished Creatures (collateral kills)
  Louise (D:14)
  A very ugly thing (D:13)
  Nessos (D:13)
  3 bunyips (Swamp:1)
  An entropy weaver (shapeshifter) (Lair:5)
  3 alligators
  6 hydras
  5 boulder beetles
  2 catoblepae
  2 centaur warriors (D:14)
  5 two-headed ogres
  2 tengu warriors (D:10)
  A deep troll earth mage (D:15)
  6 death yaks
  A thrashing horror (Lair:5)
  Urug (D:12)
  2 orc high priests (Orc:2)
  Sonja (Lair:5)
  Lodul (D:13)
  A skyshark (Lair:5)
  2 goliath frogs (Swamp:2)
  A bog body (Lair:2)
  2 swamp dragons (Swamp:1)
  An orc sorcerer (Orc:2)
  A wizard (D:14)
  A steelbarb worm (Swamp:1)
  4 orc knights
  A will-o-the-wisp (Swamp:1)
  3 cyclopes
  4 manticores
  5 ugly things
  A black mamba (Lair:1)
  9 elephants
  A torpor snail (Lair:5)
  A smoke demon (Lair:5)
  2 cane toads (Lair:5)
  6 komodo dragons
  A freezing wraith (D:14)
  An efreet (D:13)
  3 trolls
  7 tyrant leeches (Swamp:1)
  13 blink frogs
  4 dream sheep (Lair:4)
  A spriggan (Swamp:1)
  2 wraiths (D:10)
  2 water elementals
  A ynoxinul (Lair:5)
  18 yaks
  A human (D:13)
  2 basilisks
  A chaos spawn (Lair:5)
  A small abomination (Lair:5)
  A death yak simulacrum (IceCv)
  2 vampire mosquitoes
  An acid dragon (D:10)
  A warg (Orc:2)
  15 swamp worms
  12 orc warriors
  A sky beast (D:6)
  A black bear (D:8)
  3 ogres (Orc:2)
  11 wolves
  A centaur (D:10)
  2 kobold brigands
  Blork the orc (D:5)
  A gnoll sergeant (D:5)
  4 bullfrogs
  7 wights
  2 killer bees (D:11)
  A troll zombie (D:12)
  A jelly (D:5)
  4 electric eels (D:15)
  2 howler monkeys (D:10)
  9 orc priests (Orc:2)
  Natasha (D:2)
  7 orc wizards
  An ogre zombie (D:12)
  3 gnolls (D:5)
  40 orcs
  3 goblins (D:3)
  A hobgoblin zombie (D:12)
  6 kobolds
  An orc skeleton (D:12)
  A lurking horror (D:5)
296 creatures vanquished.

Vanquished Creatures (others)
  A nameless horror (Orc:2)
  A shadow (D:10)
  2 orcs (D:9)
  A kobold (D:7)
  A hobgoblin zombie (D:12)
  23 foxfires
  8 snaplasher vines
37 creatures vanquished.

Grand Total: 924 creatures vanquished

Notes
Turn   | Place    | Note
-------+----------+-------------------------------------------
     0 | D:1      | Jannitor the Felid Monk began the quest for the Orb.
     0 | D:1      | Reached XP level 1. HP: 10/10 MP: 2/2
   244 | D:1      | Reached XP level 2. HP: 13/14 MP: 3/3
   254 | D:1      | Reached skill level 1 in Stealth
   357 | D:1      | Learned a level 1 spell: Summon Small Mammal
   849 | D:2      | Found a shadowy altar of Dithmenos.
   855 | D:2      | Noticed Natasha
   934 | D:2      | Found a runed translucent door.
   935 | D:2      | Noticed Crazy Yiuf
   985 | D:2      | Reached XP level 3. HP: 17/17 MP: 5/5
  1035 | D:2      | Reached skill level 1 in Spellcasting
  1116 | D:2      | Learned a level 3 spell: Call Canine Familiar
  1240 | D:2      | Found a faded altar of an unknown god.
  1672 | D:3      | Reached skill level 1 in Summonings
  1684 | D:3      | Reached XP level 4. HP: 20/21 MP: 6/6
  1897 | D:3      | Noticed Robin
  2088 | D:3      | Noticed Jessica
  2211 | D:3      | Noticed Sigmund
  2293 | D:3      | Killed Jessica
  2495 | D:4      | Noticed a kobold brigand
  2495 | D:4      | Noticed a bullfrog
  2533 | D:4      | Noticed a nameless horror
  2622 | D:4      | Found Obausmam's Distillery.
  2634 | D:5      | Entered Level 5 of the Dungeon
  2711 | D:5      | Reached XP level 5. HP: 24/24 MP: 8/8
  2939 | D:4      | Reached skill level 5 in Dodging
  3029 | D:5      | Noticed a black bear
  3143 | D:5      | HP: 1/25 [hound (4)]
  3210 | D:6      | Noticed a phantom
  3275 | D:5      | Gained mutation: You are covered in thick fur. (AC +2)
                  | [Felid growth]
  3275 | D:5      | Reached XP level 6. HP: 12/28 MP: 5/10
  3755 | D:3      | Killed Robin
  3784 | D:4      | Identified the +5 ring mail of a wizard's laboratory
                  | {Str+5}
  3829 | D:4      | Bought a potion of heal wounds for 65 gold pieces
  3829 | D:4      | Bought a potion of might for 52 gold pieces
  3829 | D:4      | Bought a potion of curing for 39 gold pieces
  3851 | D:4      | Found a staircase to the Ecumenical Temple.
  3861 | Temple   | Entered the Ecumenical Temple
  3889 | Temple   | Became a worshipper of Kikubaaqudgha
  3889 | Temple   | Reached * piety under Kikubaaqudgha
  3889 | Temple   | Received a gift from Kikubaaqudgha
  3889 | Temple   | Reached ** piety under Kikubaaqudgha
  3895 | Temple   | Learned a level 1 spell: Necrotise
  3898 | Temple   | Learned a level 2 spell: Cigotuvi's Dreadful Rot
  4034 | D:5      | Upgraded the game from 0.31-a0-489-g282fc92437 to
                  | 0.31-a0-506-g3d79149578
  4447 | D:5      | Reached XP level 7. HP: 21/32 MP: 10/11
  4454 | D:5      | Reached skill level 1 in Necromancy
  4911 | D:4      | Identified the +0 chain mail of Gozag's Inspiration {Str+2
                  | Dex+3}
  5065 | D:5      | Found a one-way gate to the infinite horrors of the Abyss.
  5070 | D:5      | Found a corrupted altar of Lugonu.
  5186 | D:5      | Reached skill level 6 in Dodging
  5339 | D:5      | Noticed Blork the orc
  5339 | D:5      | Noticed Menkaure
  5389 | D:5      | Killed Blork the orc
  5901 | D:6      | Reached skill level 5 in Stealth
  5901 | D:6      | Reached XP level 8. HP: 29/36 MP: 13/13
  6474 | D:8      | Reached skill level 5 in Fighting
  6474 | D:8      | Reached skill level 5 in Unarmed Combat
  6796 | D:5      | Reached skill level 1 in Shapeshifting
  7208 | D:6      | Reached *** piety under Kikubaaqudgha
  7208 | D:6      | Received a gift from Kikubaaqudgha
  7243 | D:6      | Upgraded the game from 0.31-a0-506-g3d79149578 to
                  | 0.31-a0-523-g071a6c1ffa
  7284 | D:7      | Reached skill level 7 in Dodging
  7470 | D:7      | Found Ysalitot's Jewellery Emporium.
  7658 | D:7      | Reached XP level 9. HP: 33/40 MP: 15/15
  7993 | D:8      | Found a staircase to the Lair.
  8046 | D:8      | Found a sacrificial altar of Ru.
  8233 | D:8      | Noticed Gastronok
  8347 | D:8      | Learned a level 3 spell: Vampiric Draining
  8352 | D:8      | Learned a level 4 spell: Summon Lightning Spire
  8617 | D:8      | Identified the +3 whip of the Feeding Wolf {venom, rCorr
                  | MP+9}
  8935 | D:5      | Killed Menkaure
  8939 | D:5      | Reached skill level 1 in Air Magic
  9193 | D:5      | Found a one-way gate to the infinite horrors of the Abyss.
  9208 | D:5      | Found a corrupted altar of Lugonu.
  9579 | D:2      | Killed Natasha
  9758 | D:2      | Noticed Natasha
  9766 | D:2      | Killed Natasha
  9914 | D:2      | Found a shadowy altar of Dithmenos.
 10074 | D:2      | Found a runed translucent door.
 10145 | D:2      | Found a faded altar of an unknown god.
 10243 | D:2      | Noticed Natasha
 10250 | D:2      | Killed Natasha
 10406 | Lair:1   | Entered Level 1 of the Lair of Beasts
 10406 | Lair:1   | Noticed a cane toad
 10419 | Lair:1   | Killed a cane toad
 10514 | Lair:1   | Noticed a rime drake
 10520 | Lair:1   | Found a frozen archway.
 10520 | Lair:1   | Noticed a rime drake
 10531 | Lair:1   | Killed a rime drake
 10533 | Lair:1   | Killed a rime drake
 10565 | IceCv    | Entered an ice cave
 10770 | IceCv    | Noticed a white ugly thing
 10770 | IceCv    | Noticed an ice statue
 10810 | Lair:1   | Noticed a cane toad
 10824 | Lair:1   | Killed a cane toad
 10825 | Lair:1   | Reached skill level 8 in Dodging
 10857 | Lair:1   | Reached XP level 10. HP: 39/45 MP: 7/17
 11104 | Lair:1   | Reached skill level 5 in Summonings
 11215 | Lair:1   | Noticed a black mamba
 11236 | Lair:1   | Killed a black mamba
 11613 | Lair:1   | Reached **** piety under Kikubaaqudgha
 11654 | Lair:1   | Reached skill level 5 in Spellcasting
 11832 | Lair:1   | Learned a level 5 spell: Borgnjor's Vile Clutch
 11890 | Lair:1   | Upgraded the game from 0.31-a0-523-g071a6c1ffa to
                  | 0.31-a0-543-geaa9c7a2c0
 11910 | Lair:2   | Noticed an elephant
 11913 | Lair:2   | Noticed an elephant
 11914 | Lair:2   | Noticed an elephant
 12188 | Lair:1   | Identified a scroll of acquirement
 12188 | Lair:1   | Acquired the amulet of the Supporting Jester {Faith Rampage
                  | rCorr SInv}
 12242 | Lair:2   | Reached skill level 5 in Necromancy
 12285 | Lair:1   | Upgraded the game from 0.31-a0-543-geaa9c7a2c0 to
                  | 0.31-a0-549-gf98fd537a9
 12320 | Lair:2   | Reached skill level 1 in Earth Magic
 12595 | Lair:2   | Noticed a nameless horror
 12622 | Lair:1   | Killed a nameless horror
 12631 | Lair:2   | Noticed a six-headed hydra
 12646 | Lair:1   | Reached XP level 11. HP: 43/49 MP: 19/19
 12688 | Lair:2   | Reached skill level 9 in Dodging
 13189 | Lair:2   | Killed a six-headed hydra
 13282 | Lair:2   | Noticed a five-headed hydra
 13497 | Lair:2   | Noticed a death yak
 13505 | Lair:2   | Noticed a death yak
 13505 | Lair:2   | Noticed a death yak
 13627 | Lair:1   | Killed a death yak
 13654 | Lair:1   | Killed a death yak
 13872 | Lair:2   | Mangled by a black mamba
 13873 | Lair:2   | Reached XP level 10. HP: -13/47 MP: 19/28
 13925 | Lair:2   | Killed a black mamba
 13969 | Lair:2   | Found a staircase to the Swamp.
 13969 | Lair:2   | Noticed a bog body
 13978 | Lair:2   | Killed a bog body
 14113 | Lair:2   | Killed a five-headed hydra
 14377 | Lair:2   | Killed a death yak
 14378 | Lair:2   | Reached XP level 11. HP: 38/50 MP: 21/21
 14518 | Lair:2   | Noticed an oklob plant
 14612 | Lair:2   | Reached skill level 10 in Dodging
 14932 | Lair:3   | Reached skill level 10 in Stealth
 15753 | D:9      | Noticed a two-headed ogre
 15969 | D:9      | Reached ***** piety under Kikubaaqudgha
 16095 | D:9      | Killed a two-headed ogre
 16600 | D:9      | Found a glowing golden altar of the Shining One.
 16602 | D:9      | Noticed an angel
 16608 | D:9      | Found a basalt altar of Yredelemnul.
 16611 | D:9      | Noticed a profane servitor
 16643 | D:9      | Upgraded the game from 0.31-a0-549-gf98fd537a9 to
                  | 0.31-a0-559-g03b8d61ab2
 16906 | D:9      | Noticed a necromancer
 16956 | D:9      | Found a sparkling altar of Nemelex Xobeh.
 16957 | D:9      | Identified the +2 great sword "Fabi" {elec, Dex+2}
 17092 | D:10     | Entered Level 10 of the Dungeon
 17092 | D:10     | Found a hide-covered altar of Uskayaw.
 17093 | D:10     | Found a hazy altar of Hepliaklqana.
 17109 | D:10     | Found a radiant altar of Vehumet.
 17109 | D:10     | Found a burning altar of Makhleb.
 17111 | D:10     | Found a shimmering altar of Xom.
 17112 | D:10     | Found a shadowy altar of Dithmenos.
 18179 | D:10     | Noticed a two-headed ogre
 18194 | D:10     | Killed a two-headed ogre
 18306 | D:10     | Learned a level 4 spell: Dispel Undead
 18543 | D:10     | Gained mutation: Your thick and shaggy fur keeps you warm.
                  | (AC +3, rC+) [Felid growth]
 18543 | D:10     | Reached XP level 12. HP: 55/55 MP: 23/23
 18545 | D:10     | Noticed a five-headed hydra
 19089 | D:10     | Noticed a tengu warrior
 19105 | D:10     | Killed a tengu warrior
 19416 | D:10     | Identified the staff of Wrath {rPois rC+ Int+2 Poison}
 19483 | D:10     | Killed a five-headed hydra
 19628 | D:10     | Noticed a tengu warrior
 19650 | D:10     | Mangled by a tengu warrior
 19651 | D:10     | Reached XP level 11. HP: -8/52 MP: 4/31
 19873 | D:10     | Noticed a swamp dragon
 19951 | D:10     | Noticed an orb spider
 19951 | D:10     | Noticed an orc knight
 20115 | D:10     | Reached skill level 11 in Dodging
 20167 | D:10     | Killed a tengu warrior
 20624 | D:10     | Killed an orc knight
 20746 | D:10     | Noticed a lindwurm
 20898 | D:10     | Reached skill level 5 in Shapeshifting
 21389 | D:11     | Noticed a two-headed ogre
 21415 | D:11     | Killed a two-headed ogre
 21423 | D:11     | Reached XP level 12. HP: 52/56 MP: 14/23
 21715 | D:10     | Noticed a two-headed ogre
 21927 | D:10     | Killed a two-headed ogre
 22192 | D:10     | Noticed a boulder beetle
 22210 | D:10     | Killed a boulder beetle
 23243 | D:12     | Reached skill level 5 in Earth Magic
 23337 | D:12     | Noticed Urug
 23500 | D:12     | Reached ****** piety under Kikubaaqudgha
 23511 | D:11     | Received a gift from Kikubaaqudgha
 23868 | D:10     | Found a radiant altar of Vehumet.
 23868 | D:10     | Found a hide-covered altar of Uskayaw.
 23868 | D:10     | Found a shadowy altar of Dithmenos.
 23868 | D:10     | Found a hazy altar of Hepliaklqana.
 23868 | D:10     | Found a shimmering altar of Xom.
 23868 | D:10     | Found a burning altar of Makhleb.
 24352 | D:12     | Noticed an ice dragon
 24980 | D:13     | Noticed a green very ugly thing
 24980 | D:13     | Noticed Nessos
 24980 | D:13     | Noticed Lodul
 24980 | D:13     | Found a gate to the Vaults.
 25530 | D:13     | Noticed a centaur warrior
 25697 | D:12     | Killed Urug
 26438 | D:12     | Found a staircase to the Orcish Mines.
 26565 | Orc:1    | Entered Level 1 of the Orcish Mines
 26565 | Orc:1    | Noticed Erolcha
 26565 | Orc:1    | Found Qusoajiot's Distillery.
 26566 | Orc:1    | Killed Erolcha
 26567 | Orc:1    | Noticed Erica
 26589 | Orc:1    | Killed Erica
 26620 | Orc:1    | Reached XP level 13. HP: 60/60 MP: 24/25
 26677 | Orc:1    | Bought a potion of lignification for 42 gold pieces
 26677 | Orc:1    | Bought a potion of heal wounds for 70 gold pieces
 26677 | Orc:1    | Bought a potion of resistance for 140 gold pieces
 26677 | Orc:1    | Bought a potion of haste for 140 gold pieces
 26677 | Orc:1    | Bought a potion of haste for 140 gold pieces
 27209 | Orc:2    | Entered Level 2 of the Orcish Mines
 27833 | Orc:1    | Found Aaim's Alliterative Armaments.
 28324 | Orc:2    | Reached skill level 12 in Dodging
 28342 | Orc:2    | Found Houlilea's Antique Armour Emporium.
 28683 | Orc:2    | Found Efock's Book Shoppe.
 28689 | Orc:2    | Bought a book of the Wilderness for 380 gold pieces
 28696 | Orc:2    | Learned a level 5 spell: Summon Mana Viper
 28909 | Orc:2    | Reached skill level 1 in Hexes
 29611 | Orc:2    | Found a staircase to the Elven Halls.
 29684 | Orc:2    | Found the +5 demon whip "Spellbinder" {antimagic, disrupt,
                  | Will+}
 29695 | Orc:2    | Paralysed by an orc sorcerer for 4 turns
 30165 | Orc:2    | Noticed an orc warlord
 30779 | Orc:2    | Reached skill level 10 in Summonings
 31201 | Orc:2    | Killed an orc warlord
 31332 | Orc:2    | Found Joonauwe's Distillery.
 31594 | Orc:2    | Found Banupyop's Assorted Antiques.
 31895 | Orc:2    | Bought a potion of heal wounds for 70 gold pieces
 32349 | Orc:2    | Reached skill level 10 in Fighting
 32576 | Orc:2    | Upgraded the game from 0.31-a0-559-g03b8d61ab2 to
                  | 0.31-a0-569-g7ea453304b
 33023 | Orc:2    | Reached XP level 14. HP: 48/66 MP: 8/27
 33441 | Orc:1    | Found Retuts's Antique Weapon Shop.
 33995 | Lair:3   | Found a staircase to the Snake Pit.
 34464 | Lair:3   | Reached skill level 10 in Unarmed Combat
 35090 | Lair:4   | Found a staircase to the Slime Pits.
 35586 | Lair:4   | Reached skill level 5 in Hexes
 36151 | Lair:4   | Reached skill level 13 in Dodging
 36195 | Lair:5   | Entered Level 5 of the Lair of Beasts
 37260 | Lair:5   | Noticed Sonja
 38398 | Lair:5   | Killed Sonja
 38673 | Lair:5   | Reached XP level 15. HP: 70/70 MP: 27/29
 39220 | Lair:5   | Upgraded the game from 0.31-a0-569-g7ea453304b to
                  | 0.31-a0-588-g14bffd4ff3
 39661 | Lair:5   | Found a corrupted altar of Lugonu.
 40714 | D:13     | Killed Lodul
 41143 | D:13     | Slain by a killer bee
 41144 | D:13     | Reached XP level 14. HP: 0/100 MP: 2/37
 41600 | D:13     | HP: 2/67 [Nessos/arrow (4)]
 41605 | D:13     | HP: 3/67 [Nessos/arrow (23)]
 41605 | D:13     | HP: 1/67 [Nessos/arrow (2)]
 41609 | D:13     | Shot with an arrow by Nessos
 41610 | D:13     | Reached XP level 13. HP: -6/63 MP: 26/36
 41624 | D:13     | Killed Nessos
 42055 | D:13     | Learned a level 5 spell: Summon Forest
 42148 | D:14     | Reached skill level 14 in Dodging
 42168 | D:14     | Reached skill level 1 in Translocations
 42355 | D:14     | Reached skill level 10 in Necromancy
 43168 | D:14     | Reached XP level 14. HP: 67/67 MP: 22/28
 43411 | D:14     | Noticed Louise
 43425 | D:14     | Killed Louise
 43553 | D:15     | Entered Level 15 of the Dungeon
 44477 | D:15     | Found a staircase to the Depths.
 45131 | Swamp:1  | Entered Level 1 of the Swamp
 46750 | Swamp:1  | You fall into a shaft and drop 1 floor!
 46766 | Swamp:2  | Identified the +12 rapier "Qeroohuv" {protect, *Slow +Blink
                  | rN+++ Dex+3}
 47389 | Swamp:1  | Reached skill level 10 in Spellcasting
 48316 | Swamp:2  | HP: 1/67 [will-o-the-wisp/foxfire (6)]
 48317 | Swamp:2  | Killed from afar by a will-o-the-wisp

Illustrated notes

Levels and vault maps discovered:
D:1:      dpeg_arrival_tiny_a, layout_loops_cross, bh_walls_and_bars
D:2:      layout_loops_ring, dreamdust_ecumenical_altar_hidden_monk_grotto,
          basic_altar, uniq_natasha, uniq_crazy_yiuf_cottage
D:3:      layout_rooms, minmay_fractal_squares_gapless_5, uniq_jessica,
          uniq_robin, uniq_sigmund
D:4:      layout_rooms, minmay_temple_entry_glass, serial_shops,
          nicolae_shop_industrial_runoff, minmay_misc_feat_hallway,
          minmay_misc_feat_rows, minivault_4
D:5:      layout_basic, hangedman_abyss_or_decor_slice,
          amcnicky_altar_lugonu_corruption, uniq_blork_the_orc, uniq_menkaure
D:6:      layout_cave_pools
D:7:      layout_rooms, serial_shops, nicolae_shop_tiny_real_fake_doors,
          minmay_fountain_box
D:8:      layout_basic, nicolae_ru_the_path_less_chosen, lair_entry_dummy,
          uniq_gastronok
D:9:      layout_roguey, grunt_temple_overflow_holy_war, marbit_many_paths,
          eino_house_with_fridge
D:10:     nzn_winding_woodlands_large [nzn_winding_woodlands_5x5_three,
          nzn_winding_woodlands_5x15_pool, nzn_winding_woodlands_5x5_cross,
          nzn_winding_woodlands_center_pierced_h,
          nzn_winding_woodlands_15x15_five_gardens,
          nzn_winding_woodlands_center_garden,
          nzn_winding_woodlands_5x5_open_star,
          nzn_winding_woodlands_5x15_longhouse,
          nzn_winding_woodlands_5x5_default], layout_basic,
          grunt_temple_overflow_open
D:11:     layout_irregular_city
D:12:     minmay_coctagon, layout_rooms, zombieorc2_lemuel, uniq_urug
D:13:     layout_roguey [special_room_bee], david_vaults_3,
          gauntlet_entry_generic, kennysheep_nondescript
D:14:     layout_cross, serial_bayou_ford_a, minmay_fractal_squares_5,
          uniq_louise
D:15:     hellmonk_depths_entry_around_the_bend, layout_basic, serial_bayou,
          serial_bayou_lagoon_b, serial_bayou_pond_d, serial_bayou_pond_d,
          serial_bayou_shore_a
Temple:   nicolae_temple_x_marks_the_god
Lair:1:   layout_hall_layers, portal_ice_cave_rime
Lair:2:   layout_chaotic_city, skrybe_swamp_entry_bodies,
          minmay_lair_oklob_bushes
Lair:3:   layout_long_grid, dummy_snake_entry, grunt_megastairs_3
Lair:4:   layout_gridlike, slime_entry_1
Lair:5:   hellmonk_lair_end_abyssal_woods, layout_regular_city, uniq_sonja,
          uniq_nessos
Swamp:1:  layout_falls_marsh, evilmike_swamp_ruin_house_2, swamp_pool4,
          nicolae_swamp_vermiculated
Swamp:2:  layout_basic_swamp, infiniplex_staircase_pool, swamp_pool3,
          nzn_swamp_dancing_lights
Orc:1:    layout_caves, serial_shops, nicolae_shop_getting_attention, shop,
          monkooky_shop_alliterative, uniq_erolcha, uniq_erica
Orc:2:    pubby_orc_utopia

Skill      XL: |  1  2  3  4  5  6  7  8  9 10 11 12 13 14 15 |
---------------+----------------------------------------------+-----
Stealth        | 1 2 3 4 5 6 7 8 10 11 | 11.0
Spellcasting   | 1 2 3 4 6 7 8 10 | 10.1
Summonings     | 1 2 3 4 5 8 9 10 13 12 | 13.2
Dodging        | 5 6 7 8 11 14 13 | 14.3
Unarmed Combat | 4 5 6 8 9 11 10 | 11.3
Fighting       | 4 5 6 8 9 10 11 | 11.4
Necromancy     | 2 3 4 6 8 10 9 | 10.3
Shapeshifting  | 1 2 3 5 6 7 |  7.3
Air Magic      | 3 4 |  4.1
Earth Magic    | 3 4 5 |  5.8
Hexes          | 3 6 7 |  7.6
Translocations | 2 |  2.6

Action                     |  1- 3 |  4- 6 |  7- 9 | 10-12 | 13-15 || total
---------------------------+-------+-------+-------+-------+-------++-------
  Melee: Unarmed           |   117 |   184 |   229 |   548 |  1015 ||  2093
         Bite              |    11 |    30 |    30 |   101 |   189 ||   361
         Punch             |     5 |     6 |    12 |    42 |     4 ||    69
   Cast: Summon Small Mamm |    10 |    37 |    73 |    19 |       ||   139
         Call Canine Famil |       |     4 |    31 |   126 |   161 ||   322
         Necrotise         |       |       |     8 |     6 |       ||    14
         Summon Lightning  |       |       |     4 |   122 |   106 ||   232
         Vampiric Draining |       |       |     3 |   106 |   135 ||   244
         Cigotuvi's Dreadf |       |       |     2 |     1 |     1 ||     4
         Dispel Undead     |       |       |       |    57 |    41 ||    98
         Borgnjor's Vile C |       |       |       |    13 |   102 ||   115
         Summon Mana Viper |       |       |       |       |    87 ||    87
         Summon Forest     |       |       |       |       |    30 ||    30
 Invoke: Receive Forbidden |       |       |       |     1 |       ||     1
  Evoke: Wand              |       |       |    17 |    13 |     7 ||    37
    Use: Scroll            |     4 |     5 |     8 |    13 |     9 ||    39
         Potion            |       |     2 |     5 |     4 |    18 ||    29
   Stab: Sleeping          |     9 |     3 |     8 |    24 |    23 ||    67
         Distracted        |       |     2 |     3 |    20 |    26 ||    51
         Paralysed         |       |       |       |     1 |     2 ||     3
 Armour: Skin              |     6 |     6 |    12 |    24 |   108 ||   156
  Dodge: Dodged            |    81 |   160 |   242 |   674 |  1340 ||  2497
  Block: Other             |     8 |       |       |       |       ||     8
   Form: Beast             |       |     1 |       |       |       ||     1
         Flux              |       |       |       |       |     1 ||     1

Table legend: (Time is in decaauts)
 A = Elapsed time spent in this place.
 B = Non-inter-level travel time spent in this place.
 C = Inter-level travel time spent in this place.
 D = Time resting spent in this place.
 E = Time spent auto-exploring this place.
 F = Levels seen in this place.
 G = Mean time per level.
                   A        B        C        D        E       F      G
               +--------+--------+--------+--------+--------+-----+--------+
         Total |  43978 |  42113 |   1865 |  16518 |  15262 |  26 | 1691.5 |
       Dungeon |  24431 |  23060 |   1371 |   7980 |   9463 |  15 | 1628.7 |
        Temple |     31 |     31 |      0 |      0 |      0 |   1 |   31.0 |
          Lair |   9739 |   9393 |    346 |   3958 |   2913 |   5 | 1947.8 |
         Swamp |   3085 |   3054 |     31 |   1469 |   1111 |   2 | 1542.5 |
  Orcish Mines |   6467 |   6352 |    115 |   2972 |   1775 |   2 | 3233.5 |
      Ice Cave |    222 |    222 |      0 |    137 |      0 |   1 |  222.0 |
               +--------+--------+--------+--------+--------+-----+--------+

Top non-repeatable levels by time:
   Orc:2: 5581 daAuts
    D:10: 4894 daAuts
  Lair:5: 2891 daAuts
 Swamp:1: 2432 daAuts
     D:5: 2360 daAuts
  Lair:1: 2130 daAuts
  Lair:2: 2107 daAuts
    D:12: 2058 daAuts
    D:11: 2008 daAuts
    D:13: 1942 daAuts
     D:9: 1572 daAuts
  Lair:4: 1507 daAuts
    D:14: 1478 daAuts
     D:2: 1369 daAuts
     D:7: 1173 daAuts
